 Dungeon Crawl Stone Soup version 0.27.0-1-g7a089689b8 (webtiles) character file.

Game seed: 7189534488656740764

98443 wakim the Spear-Bearer (level 16, -2/122 HPs)
             Began as a Merfolk Ice Elementalist on Aug 4, 2021.
             Was a High Priest of Vehumet.
             Slain by a moth of wrath (6 damage)
             ... on level 1 of the Spider Nest.
             The game lasted 01:57:56 (33662 turns).

wakim the Spear-Bearer (Merfolk Ice Elementalist)  Turns: 33662, Time: 01:57:56

Health: -2/122     AC: 11    Str:  9    XL:     16   Next: 22%
Magic:  5/9        EV: 18    Int: 19    God:    Vehumet [*****.]
Gold:   1710       SH: 11    Dex: 14    Spells: 12/34 levels left

rFire    + . .     SeeInvis +   a - +9 demon trident (antimagic)
rCold    . . .     Faith    .   e - +0 kite shield
rNeg     + . .     Spirit   .   n - +0 robe "Pobit" {rPois rC+ rN+}
rPois    +         Reflect  .   S - +1 hat
rElec    .         Harm     .   P - +2 cloak
rCorr    .         Rampage  .   j - +1 pair of gloves
Will     ++++.                  z - +2 pair of boots
Stlth    ++........             m - amulet of the Peculiar Villages {rC- Will+++ Regen+ Dex-2 SInv}
HPRegen  1.30/turn              s - ring of protection from fire
MPRegen  0.11/turn              p - +4 ring of slaying

@: freezing walls
A: (nimble swimmer 2), mertail
a: Renounce Religion


You were on level 1 of the Spider Nest.
You worshipped Vehumet.
Vehumet was extremely pleased with you.
You visited 5 branches of the dungeon, and saw 25 of its levels.

You collected 1935 gold pieces.
You spent 225 gold pieces at shops.

Inventory:

Hand Weapons
 a - a +9 antimagic demon trident (weapon)
 b - the +8 whip "Snakebite" {venom, curare, rPois, =f}
   (You found it on level 1 of the Lair of Beasts)

   It poisons the flesh of those it strikes.
   It occasionally inflicts asphyxiating poison on those it strikes, dealing
   poison damage and causing slowness.
   rPois:     It protects you from poison.
 D - the +8 falchion of Vuboeg {antimagic, rElec Int+5 Dex+4}
   (You found it on level 11 of the Dungeon)

   It reduces the magical energy of the wielder, and disrupts the spells and
   magical abilities of those it strikes.
   Natural abilities and divine invocations are not affected.
   Int:       It affects your intelligence (+5).
   Dex:       It affects your dexterity (+4).
   rElec:     It insulates you from electricity.
Missiles
 c - a throwing net {=f!f}
Armour
 e - a +0 kite shield (worn)
 f - +0 steam dragon scales
 j - a +1 pair of gloves (worn)
 n - the +0 robe "Pobit" (worn) {rPois rC+ rN+}
   (You found it on level 1 of the Lair of Beasts)

   rC:        It protects you from cold.
   rPois:     It protects you from poison.
   rN:        It protects you from negative energy.
 z - a +2 pair of boots (worn)
 P - a +2 cloak (worn)
 S - a +1 hat (worn)
Jewellery
 d - a ring of flight
 h - a ring of resist corrosion
 i - the ring "Ysuso" {EV+4 SInv}
   (You acquired it on level 5 of the Lair of Beasts)

   [ring of evasion]

   EV:        It affects your evasion (+4).
   SInv:      It lets you see invisible.
 l - an amulet of faith
 m - the amulet of the Peculiar Villages (around neck) {rC- Will+++ Regen+ Dex-2 SInv}
   (You acquired it on level 5 of the Lair of Beasts)

   [amulet of regeneration]

   Dex:       It affects your dexterity (-2).
   rC:        It makes you vulnerable to cold.
   SInv:      It lets you see invisible.
   Regen:     It increases your rate of health regeneration.
   Will:      It greatly increases your willpower.
 p - a +4 ring of slaying (right hand)
 s - a ring of protection from fire (left hand)
 O - a ring of wizardry
Wands
 k - a wand of charming (10)
 t - a wand of digging (5)
 u - a wand of mindburst (26)
 v - a wand of flame (27)
 w - a wand of acid (24)
 x - a wand of iceblast (29)
 y - a wand of paralysis (8)
Scrolls
 o - 4 scrolls of enchant armour
 q - 2 scrolls of amnesia
 Q - 3 scrolls of immolation {!r!r}
 R - 3 scrolls of magic mapping {!r}
 T - 9 scrolls of teleportation
 U - 2 scrolls of fear
 V - a scroll of vulnerability {!r!r}
 W - 2 scrolls of holy word
 Y - a scroll of blinking {!r}
Potions
 A - a potion of ambrosia
 B - a potion of attraction {!q}
 C - a potion of berserk rage {!q}
 E - 2 potions of cancellation
 F - 9 potions of curing
 G - 7 potions of flight
 H - 4 potions of haste
 I - 3 potions of invisibility
 J - 4 potions of heal wounds
 K - 3 potions of magic
 L - 3 potions of lignification {!q}
 M - 4 potions of mutation {!q}
 N - 4 potions of might


   Skills:
 - Level 10.0 Fighting
 - Level 3.0 Maces & Flails
 - Level 14.0 Polearms
 - Level 14.0 Dodging
 - Level 2.1 Stealth
 - Level 12.0 Shields
 + Level 9.6 Spellcasting
 - Level 4.0 Hexes
 - Level 4.0 Transmutations
 * Level 11.3 Ice Magic
 + Level 5.4 Air Magic
 - Level 8.0 Poison Magic
 - Level 8.0 Evocations


You had 12 spell levels left.
You knew the following spells:

 Your Spells              Type           Power      Damage    Failure   Level
a - Ozocubu's Refrigerat  Ice            25%        4d10      24%         7
b - Frozen Ramparts       Ice            100%       1d12      1%          3
c - Ozocubu's Armour      Ice            51%        N/A       1%          3
d - Yara's Violent Unrav  Hex/Tmut       12%        3d7       16%         5
y - Olgreb's Toxic Radia  Pois           39%        N/A       1%          4

Your spell library contained the following spells:

 Spells                   Type           Power      Damage    Failure   Level
 Freeze                   Ice            100%       1d11      1%          1
 Sting                    Tmut/Pois      100%       1d8       1%          1
 Ensorcelled Hibernation  Hex/Ice        76%        N/A       1%          2
 Poisonous Vapours        Pois/Air       68%        N/A       1%          2
 Corona                   Hex            26%        N/A       2%          1
 Foxfire                  Conj/Fire      36%        2x1d5     3%          1
 Slow                     Hex            24%        N/A       3%          2
 Spider Form              Tmut/Pois      15%        N/A       3%          3
 Hailstorm                Conj/Ice       30%        3d8       3%          4
 Dazzling Flash           Conj/Hex       32%        N/A       4%          3
 Inner Flame              Hex/Fire       16%        N/A       4%          3
 Confusing Touch          Hex            24%        N/A       7%          3
 Tukima's Dance           Hex            24%        N/A       7%          3
 Conjure Flame            Conj/Fire      9%         6-21      10%         3
 Stone Arrow              Conj/Erth      18%        3d8       10%         3
 Animate Skeleton         Necr           18%        N/A       12%         1
 Apportation              Tloc           18%        N/A       12%         1
 Summon Small Mammal      Summ           36%        N/A       12%         1
 Fulminant Prism          Conj/Hex       8%         3d7       13%         4
 Iskenderun's Mystic Bla  Conj/Tloc      9%         2d4       28%         4
 Vampiric Draining        Necr           4%         2d6       34%         3
 Silence                  Hex/Air        13%        N/A       41%         5
 Lee's Rapid Deconstruct  Erth           4%         3d6*      58%         5
 Animate Armour           Summ/Erth      18%        N/A       75%         4
 Passage of Golubria      Tloc           N/A        N/A       75%         4
 Agony                    Necr           9%         N/A       97%         5
 Shadow Creatures         Summ           N/A        N/A       100%        6
 Lehudib's Crystal Spear  Conj/Erth      4%         10d3      100%        8


Dungeon Overview and Level Annotations

Branches:
Dungeon (15/15)            Temple (1/1) D:4            Lair (6/6) D:8
  Swamp (0/4) Lair:2       Spider (1/4) Lair:2        Slime (0/5) Lair:6
    Orc (2/2) D:12            Elf (0/3) Orc:2        Vaults (0/5) D:14
 Depths (0/5) D:15

Altars:
Ashenzari
Cheibriados
Dithmenos
Elyvilon
Fedhas
Gozag
Hepliaklqana
Kikubaaqudgha
Makhleb
Nemelex Xobeh
Okawaru
Qazlal
Ru
Sif Muna
Trog
Uskayaw
Vehumet
Wu Jian
Xom
Yredelemnul
Zin
The Shining One
Beogh
Jiyva

Shops:
D:2 (   D:9 *   D:15 *   Orc:1 ((   Orc:2 [=[!

Annotations:
Orc:2 Rupert


Innate Abilities, Weirdness & Mutations

((You are quick and stealthy near water. (Stealth+, EV+, Speed+++)))
Your lower body shifts to a powerful aquatic tail in water.


Message History

The moth of wrath goads the wolf spider on!
The wolf spider goes berserk!
The wolf spider closely misses you. The wolf spider completely misses you.
Casting: Olgreb's Toxic Radiance (mildly dangerous; 1% risk of failure)
Confirm with . or Enter, or press ? or * to list all spells.
The walls around you are covered in ice.
The wall freezes the wolf spider. x2; The wolf spider hits you!
The wolf spider bites you but does no damage.
You block the wolf spider's attack. The wolf spider bites you!
The wall freezes the wolf spider.
You block the wolf spider's attack. The wolf spider closely misses you.
You block the wolf spider's attack. The wolf spider bites you!
Casting: Frozen Ramparts (safe; 1% risk of failure)
Confirm with . or Enter, or press ? or * to list all spells.
You don't have enough magic to cast this spell.
Unknown command.
You impale the wolf spider!!
The wolf spider is almost dead.
You kill the wolf spider!
Vehumet accepts your kill.
You feel your power returning.
The wall freezes the wolf spider.
You block the wolf spider's attack. The wolf spider closely misses you.
The wall freezes the wolf spider.
The wolf spider hits you!
* * * LOW HITPOINT WARNING * * *
The wolf spider bites you!
* * * LOW HITPOINT WARNING * * *
You puncture the wolf spider!
The wolf spider is heavily wounded.
The wall freezes the wolf spider.
The wolf spider completely misses you. The wolf spider closely misses you.
You impale the moth of wrath!!
The moth of wrath is severely wounded.
The wall freezes the wolf spider.
The wolf spider hits you!!
* * * LOW HITPOINT WARNING * * *
The wolf spider barely misses you.
The wall freezes the wolf spider.
The wolf spider hits you!!
* * * LOW HITPOINT WARNING * * *
The wolf spider bites you but does no damage.
The moth of wrath bites you.
You die...

#.##.###.# .
####.########.#.
#.....#..#..#...
#........#..... .
##..#.....#.... .#
#...†#......## ..#
##........$..#....
#..............[..
#......#..@..#...
...........#sy.#
..##.#..#....s.#
..#.............#
...#..#...##....s.
...#### ..#..s#.
.. ##...... s. ..
....# s .. .....


You could see a demonic crawler, a wolf spider (berserk, poisoned), a moth of
wrath (poisoned), a jumping spider (poisoned) and a redback.

Vanquished Creatures
  Agnes (D:14)
  A fire dragon (D:15)
  Josephine (Orc:2)
  The ghost of PeterMcNeter the Grappler, a journeyman TrFi of Hepliaklqana (D:11)
  7 hydras
  An ice dragon (D:15)
  8 boulder beetles
  5 centaur warriors
  2 catoblepae
  A dancing weapon (D:14)
  8 death yaks
  A death knight (D:13)
  A tengu warrior (D:15)
  4 orc high priests (Orc:2)
  Urug (Lair:5)
  Nergalle (D:10)
  Sonja (D:11)
  6 skeletal warriors
  A bog body (Lair:2)
  A harpy (shapeshifter) (D:13)
  A phantasmal warrior (D:12)
  The ghost of MajorAdolf the Covert, a novice NaWn of Sif Muna (D:9)
  5 harpies (D:15)
  2 orc knights
  A deep elf pyromancer (D:15)
  An orc sorcerer (Orc:1)
  A lindwurm (Lair:6)
  2 wolf spiders (Spider:1)
  6 orb spiders (Spider:1)
  8 ugly things
  A manticore (D:12)
  6 cyclopes
  3 centaur zombies
  8 black mambas
  5 elephants
  2 gargoyles
  A torpor snail (Lair:6)
  7 kobold demonologists
  13 cane toads
  A freezing wraith (D:13)
  2 efreet (D:11)
  7 komodo dragons
  A demonic crawler (Spider:1)
  5 rime drakes
  A yaktaur (D:12)
  8 trolls
  3 meliai (D:13)
  4 jumping spiders
  A wind drake (shapeshifter) (D:13)
  6 blink frogs
  17 slime creatures
  2 dream sheep (Lair:6)
  Sigmund (D:3)
  5 wraiths
  A shadow (D:9)
  A redback (shapeshifter) (D:14)
  15 redbacks
  3 wyverns
  A vampire (D:9)
  Eustachio (D:4)
  58 yaks
  2 tarantellas (Spider:1)
  4 basilisks
  2 steam dragons
  4 swamp worms (Lair:2)
  2 vampire mosquitoes (D:12)
  3 acid dragons
  24 water moccasins
  21 orc warriors
  Duvessa (D:5)
  A sky beast (D:7)
  2 black bears
  A hornet zombie (D:9)
  5 ogres
  2 necrophages
  An ice beast (D:8)
  14 centaurs
  9 wolves
  A phantom (D:5)
  16 kobold brigands
  8 bullfrogs
  2 gnoll sergeants
  2 scorpions
  Dowan (D:5)
  14 killer bees
  A wight (D:9)
  3 electric eels
  A bullfrog skeleton (D:5)
  A centaur skeleton (D:5)
  6 jellies
  A gnoll shaman (D:5)
  29 orc priests
  6 hounds
  3 iguanas
  23 orc wizards
  A killer bee zombie (D:8)
  A mummy (D:9)
  2 howler monkey zombies
  19 gnolls
  9 adders
  A white imp (D:6)
  4 worms
  A dart slug (D:2)
  73 orcs
  30 endoplasms
  A giant cockroach (D:1)
  6 goblins
  3 hobgoblins
  6 jackals
  2 quokkas
  7 ball pythons
  5 bats
  4 frilled lizards
  29 kobolds
  7 rats
698 creatures vanquished.

Vanquished Creatures (others)
  22 fungi
  70 plants
92 creatures vanquished.

Grand Total: 790 creatures vanquished

Notes
Turn   | Place    | Note
-------+----------+-------------------------------------------
     0 | D:1      | wakim the Merfolk Ice Elementalist began the quest for the
                  | Orb.
     0 | D:1      | Reached XP level 1. HP: 13/13 MP: 3/3
   347 | D:1      | Reached XP level 2. HP: 19/19 MP: 5/5
  1282 | D:1      | Reached XP level 3. HP: 15/24 MP: 3/6
  1397 | D:2      | Reached skill level 5 in Ice Magic
  1468 | D:2      | Learned a level 3 spell: Frozen Ramparts
  1574 | D:2      | Found Jeducidd's Weapon Emporium.
  2243 | D:3      | Found a faded altar of an unknown god.
  2411 | D:3      | Reached XP level 4. HP: 30/30 MP: 3/7
  2487 | D:3      | Learned a level 3 spell: Ozocubu's Armour
  2594 | D:3      | Noticed Sigmund
  3876 | D:4      | Reached XP level 5. HP: 19/35 MP: 3/9
  4168 | D:4      | Found a staircase to the Ecumenical Temple.
  4186 | Temple   | Entered the Ecumenical Temple
  4420 | Temple   | Became a worshipper of Vehumet
  4451 | D:4      | Noticed an ogre
  4471 | D:4      | Killed an ogre
  4472 | D:4      | Reached XP level 6. HP: 23/41 MP: 1/10
  4657 | D:4      | Noticed a black bear
  4677 | D:4      | Killed a black bear
  4678 | D:4      | Reached skill level 5 in Dodging
  5011 | D:4      | Noticed Eustachio
  5346 | D:4      | Reached skill level 1 in Polearms
  5346 | D:4      | Reached XP level 7. HP: 47/47 MP: 5/11
  5552 | D:5      | Entered Level 5 of the Dungeon
  5669 | D:5      | Noticed Duvessa
  5669 | D:5      | Noticed Dowan
  5713 | D:4      | Killed Eustachio
  5714 | D:4      | Reached skill level 1 in Fighting
  5926 | D:5      | Killed Duvessa
  5936 | D:5      | Killed Dowan
  6150 | D:5      | Reached XP level 8. HP: 57/57 MP: 8/12
  6396 | D:5      | Reached skill level 1 in Poison Magic
  6714 | D:5      | Reached skill level 5 in Polearms
  6947 | D:5      | Reached * piety under Vehumet
  6947 | D:5      | Offered knowledge of Magic Dart by Vehumet.
  8031 | D:7      | Reached skill level 5 in Spellcasting
  8031 | D:7      | Reached XP level 9. HP: 43/65 MP: 10/16
  8676 | D:7      | Noticed a skeletal warrior
  8676 | D:7      | Noticed a skeletal warrior
  8895 | D:8      | Found a stormy altar of Qazlal.
  9007 | D:8      | Found a hazy altar of Hepliaklqana.
  9088 | D:8      | Reached ** piety under Vehumet
  9088 | D:8      | Offered knowledge of Foxfire by Vehumet.
  9103 | D:8      | Reached skill level 5 in Fighting
  9104 | D:8      | Noticed a troll
  9111 | D:8      | Killed a troll
  9112 | D:8      | Reached XP level 10. HP: 51/74 MP: 13/18
  9581 | D:8      | Reached skill level 5 in Poison Magic
  9599 | D:8      | Found a staircase to the Lair.
 10130 | D:3      | Killed Sigmund
 10276 | D:9      | Offered knowledge of Ignite Poison by Vehumet.
 10287 | D:8      | Reached skill level 1 in Evocations
 10406 | D:9      | Found a transporter.
 10406 | D:9      | Noticed MajorAdolf's ghost (novice NaWn)
 11185 | D:9      | Reached *** piety under Vehumet
 11376 | D:9      | Noticed a kobold demonologist
 11387 | D:9      | Reached skill level 10 in Ice Magic
 11388 | D:9      | Reached XP level 11. HP: 21/81 MP: 15/20
 11391 | D:9      | Offered knowledge of Dazzling Flash by Vehumet.
 11674 | D:9      | Found Hujoq's Lightly-Used Armoury.
 11742 | D:9      | Found a transporter.
 11829 | D:9      | Reached skill level 5 in Evocations
 12077 | D:9      | Reached **** piety under Vehumet
 12097 | D:9      | Offered knowledge of Freezing Cloud by Vehumet.
 12168 | D:10     | Entered Level 10 of the Dungeon
 12245 | D:10     | Identified the +1 cloak of Integrity {Str+4}
 12267 | D:10     | Found a glowing silver altar of Zin.
 12267 | D:10     | Found a broken altar of Ashenzari.
 12267 | D:10     | Found a sacrificial altar of Ru.
 12268 | D:10     | Found an ancient bone altar of Kikubaaqudgha.
 12268 | D:10     | Found a hide-covered altar of Uskayaw.
 12269 | D:10     | Found a white marble altar of Elyvilon.
 12273 | D:10     | Found a blossoming altar of Fedhas.
 12414 | D:10     | Noticed Nergalle
 12434 | D:10     | Killed Nergalle
 12435 | D:10     | Reached skill level 10 in Polearms
 12435 | D:10     | Reached skill level 1 in Shields
 13211 | Lair:1   | Entered Level 1 of the Lair of Beasts
 13280 | Lair:1   | Reached skill level 10 in Dodging
 13481 | Lair:1   | Reached skill level 5 in Shields
 13517 | Lair:1   | Reached ***** piety under Vehumet
 13518 | Lair:1   | Reached XP level 12. HP: 72/88 MP: 21/21
 13711 | Lair:1   | Found the +8 whip "Snakebite" {venom, curare, rPois}
 13855 | Lair:1   | Offered knowledge of Airstrike by Vehumet.
 14031 | Lair:1   | Noticed a four-headed hydra
 14045 | Lair:1   | Killed a four-headed hydra
 14046 | Lair:1   | Reached skill level 1 in Maces & Flails
 14303 | Lair:1   | Identified the +0 robe "Pobit" {rPois rC+ rN+}
 14681 | Lair:1   | Learned a level 4 spell: Olgreb's Toxic Radiance
 14822 | Lair:2   | Found a hole to the Spider Nest.
 15451 | Lair:2   | Noticed a boulder beetle
 15468 | Lair:2   | Killed a boulder beetle
 16012 | Lair:2   | Found a staircase to the Swamp.
 16646 | Lair:2   | Learned a level 5 spell: Yara's Violent Unravelling
 16829 | Lair:3   | Reached skill level 1 in Transmutations
 16845 | Lair:3   | Reached skill level 1 in Hexes
 17236 | Lair:3   | Noticed a seven-headed hydra
 17254 | Lair:3   | Killed a seven-headed hydra
 17930 | Lair:4   | Reached XP level 13. HP: 93/93 MP: 16/23
 18129 | Lair:4   | You fall into a shaft and drop 2 floors!
 18129 | Lair:6   | Entered Level 6 of the Lair of Beasts
 18264 | Lair:6   | Reached skill level 10 in Shields
 18829 | Lair:5   | You fall into a shaft and drop 1 floor!
 19301 | Lair:6   | Found a staircase to the Slime Pits.
 19301 | Lair:6   | Found a viscous altar of Jiyva.
 20984 | Lair:5   | HP: 1/95 [death yak (18)]
 21728 | Lair:6   | Reached XP level 14. HP: 26/103 MP: 17/25
 21741 | Lair:6   | HP: 5/103 [death yak (15)]
 22062 | Lair:6   | Identified the +1 scale mail of the Shore {rC- Slay+5}
 22435 | Lair:5   | Noticed Urug
 22460 | Lair:5   | Killed Urug
 23422 | Lair:5   | Identified 3 scrolls of acquirement
 23422 | Lair:5   | Acquired a +2 antimagic demon trident
 23424 | Lair:5   | Acquired the amulet of the Peculiar Villages {rC- Will+++
                  | Regen+ Dex-2 SInv}
 23431 | Lair:5   | Acquired the ring "Ysuso" {EV+4 SInv}
 23746 | D:9      | Killed MajorAdolf's ghost
 23869 | D:11     | Offered knowledge of Orb of Destruction by Vehumet.
 24074 | D:11     | Noticed Sonja
 24082 | D:11     | Killed Sonja
 24420 | D:11     | Found a runed translucent gate.
 24420 | D:11     | Found a runed translucent gate.
 24420 | D:11     | Found a runed translucent gate.
 24422 | D:11     | Found an opulent altar of Gozag.
 24424 | D:11     | Noticed PeterMcNeter's ghost (journeyman TrFi)
 24491 | D:11     | Identified the +8 falchion of Vuboeg {antimagic, rElec
                  | Int+5 Dex+4}
 24748 | D:11     | You fall into a shaft and drop 1 floor!
 25707 | D:12     | Identified the +1 plate armour of the Prince of Darkness
                  | {Contam Will+ Str+4}
 25908 | D:12     | Found a staircase to the Orcish Mines.
 26267 | D:13     | Reached XP level 15. HP: 102/113 MP: 4/27
 27190 | D:11     | Killed PeterMcNeter's ghost
 27198 | D:11     | Offered knowledge of Lightning Bolt by Vehumet.
 27543 | D:13     | Reached skill level 1 in Air Magic
 28312 | D:14     | Noticed Agnes
 28329 | D:14     | Killed Agnes
 29024 | D:14     | You fall into a shaft and drop 1 floor!
 29024 | D:15     | Entered Level 15 of the Dungeon
 29119 | D:15     | Found Gintoaf's Demolitions Depot.
 29445 | D:14     | Found a gate to the Vaults.
 30407 | Orc:1    | Entered Level 1 of the Orcish Mines
 30548 | Orc:2    | Entered Level 2 of the Orcish Mines
 30548 | Orc:2    | Found a staircase to the Elven Halls.
 30579 | Orc:1    | Found Veikoix's Antique Weapon Shoppe.
 30579 | Orc:1    | Noticed Josephine
 30600 | Orc:2    | Killed Josephine
 30649 | Orc:2    | Offered knowledge of Ozocubu's Refrigeration by Vehumet.
 30769 | Orc:2    | Reached skill level 10 in Fighting
 30999 | Orc:1    | Learned a level 7 spell: Ozocubu's Refrigeration
 31452 | Orc:2    | Noticed Rupert
 31706 | Orc:2    | Found Sety's Armour Boutique.
 31706 | Orc:2    | Found Roham's Distillery.
 31709 | Orc:2    | Found Tole's Jewellery Shop.
 31711 | Orc:2    | Found Tuwolol's Armour Shop.
 31715 | Orc:2    | Bought a potion of heal wounds for 75 gold pieces
 31715 | Orc:2    | Bought a potion of haste for 150 gold pieces
 31849 | Orc:1    | Found Hutwookent's Antique Weapon Shoppe.
 32613 | D:15     | Reached XP level 16. HP: 114/122 MP: 9/29
 32940 | D:15     | Reached skill level 5 in Air Magic
 33008 | D:15     | Found a staircase to the Depths.
 33473 | Spider:1 | Entered Level 1 of the Spider Nest
 33662 | Spider:1 | HP: 4/122 [wolf spider (25)]
 33662 | Spider:1 | Slain by a moth of wrath

Illustrated notes

Levels and vault maps discovered:
D:1:      minmay_arrival_diagonal_passages, layout_basic,
          minmay_rat_gold_closets
D:2:      layout_rooms, serial_shops, shop
D:3:      layout_basic, ebering_ecumenical_altar_rust, minmay_misc_feat_rugged,
          uniq_sigmund
D:4:      layout_basic, minmay_temple_entry_proselytizer, minmay_crystal_water,
          kennysheep_generic_room_14, uniq_eustachio
D:5:      layout_cave_pools, uniq_duvessa
D:6:      layout_basic
D:7:      layout_basic
D:8:      layout_loops_ring, nzn_hepliaklqana_mist_gate,
          nicolae_qazlal_style_of_elements, erik_lair_island
D:9:      lemuel_slime, layout_rooms, special_room [special_room_kobold],
          gammafunk_ghost_mausoleum, minmay_shop_damaged
D:10:     layout_small_grid, minitemple, uniq_nergalle
D:11:     layout_grid_maze, ebering_ghost_gozag, uniq_sonja
D:12:     hangedman_cross_stitches, layout_cave_pods, david_orc_5,
          minmay_radiant
D:13:     layout_basic, serial_bayou_pond_a
D:14:     layout_cave_pods, erik_vaults_1, minmay_stone_trees_medium, uniq_agnes
D:15:     grunt_enter_depths_hoard, layout_layer_cave, minivault_24,
          gauntlet_entry_generic, nicolae_blasting_shop
Temple:   dshaligram_water_room_temple
Lair:1:   minmay_guarded_unrand_snakebite, layout_regular_city,
          grunt_megastairs_4
Lair:2:   layout_cave_pods, nicolae_swamp_entry_splash_gauntlet,
          nicolae_spider_entry_tight_spaces
Lair:3:   layout_gridlike, chequers_serial_rivers_micro_a,
          bh_autumn_forest_stairs, small_statue_intersection
Lair:4:   layout_cave_pods
Lair:5:   layout_cave_pods, uniq_urug
Lair:6:   hangedman_lair_in_review, layout_regular_city, slime_altar_1,
          wad_woods_road_06, serial_bayou_shore_a, serial_bayou_shore_b,
          serial_bayou_shore_b
Spider:1: nicolae_spider_corner, nicolae_spider_orb_run
Orc:1:    layout_caves, basic_altar, serial_shops, shop,
          nicolae_shop_behind_doors, uniq_josephine
Orc:2:    st_orc_mages, layout_caves, gammafunk_ghost_fury_of_okawaru,
          uniq_rupert

Skill      XL: |  1  2  3  4  5  6  7  8  9 10 11 12 13 14 15 16 |
---------------+-------------------------------------------------+-----
Dodging        | 3 4 5 6 8 10 11 12 14 | 14.0
Ice Magic      | 5 6 7 8 10 11 | 11.3
Spellcasting   | 3 5 6 7 8 9 |  9.6
Polearms       | 1 3 6 7 9 10 11 14 | 14.0
Fighting       | 2 4 5 6 7 9 10 | 10.0
Poison Magic   | 3 4 6 7 8 |  8.0
Evocations     | 3 7 8 |  8.0
Shields        | 5 9 10 11 12 | 12.0
Maces & Flails | 3 |  3.0
Transmutations | 3 4 |  4.0
Hexes          | 2 4 |  4.0
Air Magic      | 4 5 |  5.4
Stealth        | |  2.1

Action                   |  1- 3 |  4- 6 |  7- 9 | 10-12 | 13-15 | 16-18 || total
-------------------------+-------+-------+-------+-------+-------+-------++-------
Melee: Dagger            |    34 |       |    15 |       |       |       ||    49
       Trident           |    34 |    55 |   203 |   499 |   367 |       ||  1158
       Whip              |       |       |       |    25 |    13 |       ||    38
       Demon trident     |       |       |       |       |   757 |    89 ||   846
 Cast: Freeze            |    28 |       |       |     2 |       |       ||    30
       Frozen Ramparts   |     3 |    18 |    37 |    77 |   133 |     4 ||   272
       Ozocubu's Armour  |       |     7 |    25 |    55 |    93 |     2 ||   182
       Olgreb's Toxic Ra |       |       |       |     2 |    20 |     5 ||    27
       Yara's Violent Un |       |       |       |       |     1 |       ||     1
Evoke: Wand              |       |       |       |    11 |     1 |       ||    12
  Use: Scroll            |       |     5 |     6 |     2 |    25 |     1 ||    39
       Potion            |       |       |       |     1 |     2 |       ||     3
 Stab: Sleeping          |     8 |     2 |     2 |     2 |     2 |       ||    16
       Distracted        |     1 |       |       |       |       |     1 ||     2
       Paralysed         |       |       |       |       |     2 |       ||     2
Armor: Robe              |     9 |     6 |    55 |    34 |   253 |    17 ||   374
       Steam dragon scal |       |       |       |   113 |       |       ||   113
Dodge: Dodged            |    52 |    39 |   108 |   302 |   536 |    39 ||  1076
Block: Kite shield       |       |       |       |   130 |   501 |    32 ||   663
